 Dungeon Crawl Stone Soup version 0.30.1-9-gdf580d7c3d (webtiles) character file.

Game seed: 13689657875595157794

585 booth the Ducker (level 7, 0/60 HPs)
             Began as a Gnoll Monk on Oct 6, 2023.
             Was an Initiate of Ashenzari.
             Slain by a steam dragon (3 damage)
             ... on level 5 of the Dungeon.
             The game lasted 00:22:29 (4587 turns).

booth the Ducker (Gnoll Monk)                       Turns: 4587, Time: 00:22:30

Health: 0/60       AC:  6    Str: 13    XL:     7   Next: 37%
Magic:  11/11      EV: 13    Int:  9    God:    Ashenzari [......]
Gold:   169        SH:  0    Dex: 14    Spells: 11/11 levels left

rFire   + . .        a - +1 hand axe
rCold   + . .        (no shield)
rNeg    . . .        r - +1 ring mail "All-seeing Malaise" {rF+ rC+, Self, Bglg} (curse)
rPois   .            (no helmet)
rElec   .            (no cloak)
rCorr   .            (no gloves)
SInv    .            (no boots)
Will    .....        (no amulet)
Stlth   +            (no ring)
HPRegen 0.30/turn    (no ring)
MPRegen 0.12/turn

%: no passive effects
@: no status effects
A: fangs 1, strong nose, distributed training
a: Renounce Religion, Curse Item, Shatter the Chains


You were on level 5 of the Dungeon.
You worshipped Ashenzari.
Ashenzari was noncommittal.
You visited 2 branches of the dungeon, and saw 6 of its levels.

You collected 169 gold pieces.

Inventory:

Hand Weapons
 a - a +1 hand axe (weapon)
 q - a +0 mace
 w - a +2 whip of venom
Missiles
 m - 5 javelins
 u - a poisoned dart (quivered)
Armour
 b - a +0 robe
 d - an orb of light
 f - a +3 chain mail
 k - a +0 ring mail
 r - the cursed +1 ring mail "All-seeing Malaise" (worn) {rF+ rC+, Self, Bglg}
   (You took it off an orc on level 3 of the Dungeon)

   rF:        It protects you from fire.
   rC:        It protects you from cold.
   It has a curse which improves the following skills: Introspection: Fighting
   and Spellcasting.
   Beguiling: Conjurations, Hexes and Translocations.
Wands
 e - a wand of charming (10)
 l - a wand of mindburst (14)
 t - a wand of roots (8)
 v - a wand of acid (10)
Scrolls
 g - 2 scrolls of magic mapping
Potions
 c - a potion of ambrosia
 h - a potion of mutation
 i - a potion of brilliance
 j - 2 potions of flight
 n - a potion of haste
 o - a potion of invisibility
 s - a potion of lignification {unknown}
 x - a potion of might


   Skills:
 + Level 7.1(7.5) Fighting
 + Level 2.5 Short Blades
 + Level 2.5 Long Blades
 + Level 7.1 Axes
 + Level 2.5 Maces & Flails
 + Level 2.5 Polearms
 + Level 2.5 Staves
 + Level 2.5 Ranged Weapons
 + Level 2.5 Throwing
 + Level 2.5 Armour
 + Level 7.1 Dodging
 + Level 2.5 Stealth
 + Level 2.5 Shields
 + Level 2.5 Unarmed Combat
 + Level 2.5(2.9) Spellcasting
 + Level 2.1(2.4) Conjurations
 + Level 2.1(2.4) Hexes
 + Level 2.1 Summonings
 + Level 2.1 Necromancy
 + Level 2.1(2.4) Translocations
 + Level 2.1 Transmutations
 + Level 2.1 Fire Magic
 + Level 2.1 Ice Magic
 + Level 2.1 Air Magic
 + Level 2.1 Earth Magic
 + Level 2.1 Poison Magic
 + Level 2.8 Invocations
 + Level 2.5 Evocations


You had 11 spell levels left.
You didn't know any spells.
Your spell library was empty.

Dungeon Overview and Level Annotations

Branches:
Dungeon (5/15)             Temple (1/1) D:4

Altars:
Ashenzari
Cheibriados
Elyvilon
Fedhas
Hepliaklqana
Kikubaaqudgha
Makhleb
Nemelex Xobeh
Okawaru
Qazlal
Ru
Trog
Uskayaw
Vehumet
Wu Jian
Yredelemnul
Zin

Annotations:
D:3 2 runed translucent doors, ShellytheWitch's ghost, amateur KoBr


Innate Abilities, Weirdness & Mutations

You have very sharp teeth.
Your uncanny sense of smell can sniff out nearby items.
Your experience applies equally to all skills.


Message History

You closely miss the steam dragon.
The steam dragon is heavily wounded.
You hit the dart slug.
You kill the dart slug!
The steam dragon barely misses you. The steam dragon closely misses you.
You hit the steam dragon.
The steam dragon is heavily wounded.
You hit the iguana but do no damage. The steam dragon closely misses you.
The steam dragon barely misses you. The iguana bites you.
You hit the steam dragon but do no damage.
The steam dragon is heavily wounded.
You hit the iguana but do no damage. The iguana closely misses you.
The steam dragon breathes steam at you. The ball of steam hits you. You resist.
You hit the steam dragon.
You bite the steam dragon, but do no damage.
The steam dragon is heavily wounded.
You hit the iguana but do no damage. The steam dragon barely misses you. x2
The iguana closely misses you.
You barely miss the steam dragon.
The steam dragon is heavily wounded.
You hit the iguana but do no damage. The steam dragon breathes steam at you.
The ball of steam hits you. You resist. The iguana bites you.
* * * LOW HITPOINT WARNING * * *
You closely miss the steam dragon.
The steam dragon is heavily wounded.
You closely miss the iguana.
The iguana hisses menacingly.
The iguana bites you!
* * * LOW HITPOINT WARNING * * *
The steam dragon bites you.
* * * LOW HITPOINT WARNING * * *
The steam dragon claws you.
* * * LOW HITPOINT WARNING * * *
Okay, then.
Okay, then.
It was a potion of cancellation.
You feel magically purged. The steam dragon bites you.
You die...

#####...##.......
.................
.................
........................
..... .......§§.........
.....##.................
...............§§§......
...........§.§§§@D....#
..........§....§#l....#
.....................<#
......................#
........................
###...†...†<...........#
....##....[......##.....
.... #.........### .....
... +.............$..


You could see a steam dragon (catching breath) and an iguana.

Vanquished Creatures
  Sigmund (D:3)
  A bullfrog (D:4)
  A hound (D:5)
  A jelly (D:4)
  An orc priest (D:3)
  A sleepcap (D:4)
  Jessica (D:3)
  Terence (D:3)
  An iguana (D:4)
  5 adders
  An ufetubus (D:4)
  A dart slug (D:5)
  10 orcs
  11 ball pythons
  5 bats
  5 endoplasms
  5 giant cockroaches
  7 goblins
  12 hobgoblins
  11 jackals
  4 kobolds
  7 quokkas
  3 frilled lizards
  10 rats
106 creatures vanquished.

Notes
Turn   | Place    | Note
-------+----------+-------------------------------------------
     0 | D:1      | booth the Gnoll Monk began the quest for the Orb.
     0 | D:1      | Reached XP level 1. HP: 23/23 MP: 1/1
    66 | D:1      | Reached XP level 2. HP: 22/29 MP: 2/2
   500 | D:1      | Reached XP level 3. HP: 33/35 MP: 3/3
   935 | D:2      | Reached skill level 1 in Invocations
  1179 | D:2      | Reached skill level 1 in Short Blades
  1179 | D:2      | Reached skill level 1 in Long Blades
  1179 | D:2      | Reached skill level 1 in Maces & Flails
  1179 | D:2      | Reached skill level 1 in Polearms
  1179 | D:2      | Reached skill level 1 in Staves
  1179 | D:2      | Reached skill level 1 in Ranged Weapons
  1179 | D:2      | Reached skill level 1 in Throwing
  1179 | D:2      | Reached skill level 1 in Armour
  1179 | D:2      | Reached skill level 1 in Stealth
  1179 | D:2      | Reached skill level 1 in Shields
  1179 | D:2      | Reached skill level 1 in Unarmed Combat
  1179 | D:2      | Reached skill level 1 in Spellcasting
  1179 | D:2      | Reached skill level 1 in Evocations
  1643 | D:2      | Reached XP level 4. HP: 39/41 MP: 5/5
  2264 | D:3      | Reached skill level 1 in Conjurations
  2264 | D:3      | Reached skill level 1 in Hexes
  2264 | D:3      | Reached skill level 1 in Summonings
  2264 | D:3      | Reached skill level 1 in Necromancy
  2264 | D:3      | Reached skill level 1 in Translocations
  2264 | D:3      | Reached skill level 1 in Transmutations
  2264 | D:3      | Reached skill level 1 in Fire Magic
  2264 | D:3      | Reached skill level 1 in Ice Magic
  2264 | D:3      | Reached skill level 1 in Air Magic
  2264 | D:3      | Reached skill level 1 in Earth Magic
  2264 | D:3      | Reached skill level 1 in Poison Magic
  2439 | D:3      | Reached XP level 5. HP: 31/47 MP: 5/7
  2440 | D:3      | Noticed Jessica
  2448 | D:3      | Killed Jessica
  2620 | D:3      | Found a large runed translucent door.
  2620 | D:3      | Found a large runed translucent door.
  2624 | D:3      | Noticed ShellytheWitch's ghost (amateur KoBr)
  2652 | D:3      | Identified the +1 ring mail of Disguise {rF+ rC+}
  2728 | D:3      | Noticed Sigmund
  2748 | D:3      | Killed Sigmund
  2749 | D:3      | Reached XP level 6. HP: 51/53 MP: 7/9
  2993 | D:3      | Found a glowing silver altar of Zin.
  3128 | D:3      | Noticed Terence
  3142 | D:3      | Killed Terence
  3471 | D:4      | Found a hide-covered altar of Uskayaw.
  3934 | D:4      | Found a staircase to the Ecumenical Temple.
  3946 | D:4      | Reached XP level 7. HP: 56/60 MP: 10/10
  3978 | Temple   | Entered the Ecumenical Temple
  4112 | Temple   | Became a worshipper of Ashenzari the Shackled
  4496 | D:5      | Entered Level 5 of the Dungeon
  4564 | D:5      | Noticed a steam dragon
  4586 | D:5      | HP: 3/60 [steam dragon (4)]
  4587 | D:5      | Slain by a steam dragon

Illustrated notes

Levels and vault maps discovered:
D:1:      noname_arrival_rooms_in_the_neighbourhood, layout_basic
D:2:      layout_loops_cross, grunt_ministairs_5, kennysheep_generic_room_12
D:3:      layout_basic, lemuel_crystal_altar, ebering_ghost_disaster_area,
          uniq_jessica, uniq_sigmund, uniq_terence
D:4:      layout_rooms, nicolae_uskayaw_suspiria,
          minmay_temple_entry_statues_fountains
D:5:      layout_basic, lemuel_coloured_pillars_altar
Temple:   regret_index_temple_waves

Skill      XL: |  1  2  3  4  5  6  7 |
---------------+----------------------+-----
Invocations    | 1 2 |  2.8
Short Blades   | 1 2 |  2.5
Long Blades    | 1 2 |  2.5
Maces & Flails | 1 2 |  2.5
Polearms       | 1 2 |  2.5
Staves         | 1 2 |  2.5
Ranged Weapons | 1 2 |  2.5
Throwing       | 1 2 |  2.5
Armour         | 1 2 |  2.5
Stealth        | 1 2 |  2.5
Shields        | 1 2 |  2.5
Unarmed Combat | 1 2 |  2.5
Spellcasting   | 1 2 |  2.5
Evocations     | 1 2 |  2.5
Conjurations   | 1 2 |  2.1
Hexes          | 1 2 |  2.1
Summonings     | 1 2 |  2.1
Necromancy     | 1 2 |  2.1
Translocations | 1 2 |  2.1
Transmutations | 1 2 |  2.1
Fire Magic     | 1 2 |  2.1
Ice Magic      | 1 2 |  2.1
Air Magic      | 1 2 |  2.1
Earth Magic    | 1 2 |  2.1
Poison Magic   | 1 2 |  2.1
Fighting       | 7 |  7.1
Axes           | 7 |  7.1
Dodging        | 7 |  7.1

Action                     |  1- 3 |  4- 6 |  7- 9 || total
---------------------------+-------+-------+-------++-------
  Melee: Hand axe          |   145 |   187 |    57 ||   389
         Bite              |    12 |    26 |     8 ||    46
         Punch             |       |     2 |     2 ||     4
  Throw: Javelin           |       |    17 |       ||    17
         Dart              |       |       |     2 ||     2
 Invoke: Curse Item        |       |       |     1 ||     1
    Use: Scroll            |     6 |     4 |     4 ||    14
         Potion            |     1 |     2 |     2 ||     5
 Armour: Robe              |    18 |     3 |       ||    21
         Ring mail         |       |    25 |    21 ||    46
  Dodge: Dodged            |    89 |   119 |    46 ||   254
